 Dungeon Crawl Stone Soup version 0.29-a0-993-g4a18f31a58 (webtiles) character file.

Game seed: 1818197849971260523

3148 vurker the Covert (level 9, -1/40 (47) HPs)
             Began as a Vine Stalker Enchanter on Aug 2, 2022.
             Was a Believer of Makhleb.
             Slain by a wight
             ... wielding a +5 spear
              (5 damage)
             ... on level 7 of the Dungeon.
             The game lasted 00:10:06 (6664 turns).

vurker the Covert (Vine Stalker Enchanter)          Turns: 6664, Time: 00:10:07

HP:   -1/40 (47)    AC:  4    Str: 15    XL:     9   Next: 93%
MP:   0/14          EV: 12    Int: 15    God:    Makhleb [**....]
Gold: 337           SH:  0    Dex: 18    Spells: 12/12 levels left

rFire   + . .      SeeInvis +   a - +1 dagger (venom)
rCold   . . .      Faith    .   (no shield)
rNeg    . . .      Spirit   +   b - +0 robe
rPois   +          Reflect  .   (no helmet)
rElec   +          Harm     .   k - +1 cloak
rCorr   .          Rampage  .   (no gloves)
Will    +....                   (no boots)
Stlth   ++++......              p - amulet of regeneration
HPRegen 1.73/turn               y - ring of protection from fire
MPRegen 0.14/turn               l - ring of the Castellan {rElec rPois Dex+3 SInv}

@: heavily drained
A: fangs 3, regeneration 1, magic shield, antimagic bite, no potion heal 2
a: Renounce Religion, Minor Destruction


You were on level 7 of the Dungeon.
You worshipped Makhleb.
Makhleb was pleased with you.
You visited 1 branch of the dungeon, and saw 7 of its levels.

You collected 337 gold pieces.

Inventory:

Hand Weapons
 a - a +1 dagger of venom (weapon)
   (You took it off a kobold on level 2 of the Dungeon)
Armour
 b - a +0 robe (worn)
 f - the +2 plate armour of Duty {rC++ Stlth+}
   (You found it on level 5 of the Dungeon)

   rC:        It greatly protects you from cold.
   Stlth:     It makes you more stealthy.
 k - a +1 cloak (worn)
   (You took it off Crazy Yiuf on level 2 of the Dungeon)
Jewellery
 l - the ring of the Castellan (right hand) {rElec rPois Dex+3 SInv}
   (You found it on level 6 of the Dungeon)

   [ring of see invisible]

   Dex:       It affects your dexterity (+3).
   rElec:     It insulates you from electricity.
   rPois:     It protects you from poison.
   SInv:      It lets you see invisible.
 m - an amulet of reflection
   (You found it on level 2 of the Dungeon)
 o - a ring of fire
   (You found it on level 2 of the Dungeon)
 p - an amulet of regeneration (around neck)
   (You found it on level 6 of the Dungeon)
 y - a ring of protection from fire (left hand)
   (You took it off an orc on level 3 of the Dungeon)
Wands
 t - a wand of flame (34)
   (You found it on level 4 of the Dungeon)
Scrolls
 h - a scroll of identify
 j - 2 scrolls of enchant armour
 n - a scroll of teleportation
 A - 2 scrolls of enchant weapon
Potions
 c - 2 potions of invisibility
 e - 3 potions of cancellation
 q - 2 potions of haste
 r - 3 potions of flight
 s - a potion of mutation
 v - 2 potions of curing
 w - 3 potions of resistance


   Skills:
 + Level 5.4 Fighting
 * Level 8.0 Short Blades
 - Level 1.5 Dodging
 + Level 8.8 Stealth
 - Level 2.1 Spellcasting
 - Level 3.0 Hexes
 + Level 5.5 Invocations


You had 12 spell levels left.
You didn't know any spells.
Your spell library contained the following spells:

 Spells                   Type           Power      Damage    Failure   Level
 Ensorcelled Hibernation  Hex/Ice        12%        N/A       19%         2
 Confusing Touch          Hex            10%        N/A       19%         3
 Tukima's Dance           Hex            10%        N/A       19%         3
 Apportation              Tloc           2%         N/A       22%         1
 Foxfire                  Conj/Fire      4%         2x1d4     22%         1
 Necrotise                Necr           4%         1d4       22%         1
 Summon Small Mammal      Summ           4%         N/A       22%         1
 Dazzling Flash           Conj/Hex       12%        N/A       34%         3
 Inner Flame              Hex/Fire       6%         N/A       34%         3
 Conjure Flame            Conj/Fire      1%         6-21      54%         3
 Flame Wave               Conj/Fire      1%         2d4       91%         4
 Olgreb's Toxic Radiance  Pois           1%         N/A       91%         4
 Alistair's Intoxication  Tmut/Pois      0%         N/A       99%         5
 Ozocubu's Refrigeration  Ice            0%         4d7       100%        7
 Ignition                 Fire           0%         3d3       100%        8


Dungeon Overview and Level Annotations

Branches:
Dungeon (7/15)             Temple (0/1) D:4

Altars:
Dithmenos
Gozag
Hepliaklqana
Makhleb


Innate Abilities, Weirdness & Mutations

You have razor-sharp teeth.
Your natural rate of healing is unusually fast.
When hurt, damage is shared between your health and your magic reserves.
Your bite disrupts and absorbs the magic of your enemies.
Potions cannot restore your health.


Message History

The iguana attacks as you move away! The iguana closely misses you.
The mass of ice explodes!
The iceblast engulfs the wight!
The wight partially resists.
The iceblast engulfs the iguana!
You kill the iguana!
Makhleb accepts your kill.
You feel better.
Your Short Blades skill increases to level 8!
Aim: a wight, wielding a +2 spear and wearing a +0 robe (severely damaged)
The mass of ice explodes!
The iceblast engulfs the wight.
The wight partially resists.
The now-empty wand crumbles to dust.
The wight hits you from afar with a +2 spear.
* * * LOW HITPOINT WARNING * * *
You don't have any such object.
You don't have any such object.
You don't have any such object.
Aim: a wight, wielding a +2 spear and wearing a +0 robe (almost destroyed, 68% to hit)
The puff of flame hits the wight.
You destroy the wight!
Makhleb accepts your kill.
There is an open door here.
Things that are here:
a +2 spear; a +0 robe
There is a stone staircase leading down here.
You climb downwards.
The wight hits you from afar with a +5 spear.
Found a book of Displacement.
Found a stone staircase leading down.
There is a stone staircase leading up here.
There are monsters nearby!
The wight hits you with a +5 spear.
You hit the wight. You bite the wight. You drain its power.
You feel invigorated. The wight hits you with a +5 spear.
You feel drained.
You hit the wight. Your bite misses the wight.
The wight hits you from afar with a +5 spear!
You feel drained.
There is a stone staircase leading up here.
Found a chain mail.
The wight hits you from afar with a +5 spear!
The wight misses you. The wight hits you with a +5 spear!
* * * LOW HITPOINT WARNING * * *
You feel drained.
* * * LOW HITPOINT WARNING * * *
There is a stone staircase leading up here.
Unknown command.
The wight hits you with a +5 spear.
* * * LOW HITPOINT WARNING * * *
The wight hits you from afar with a +5 spear!
* * * LOW HITPOINT WARNING * * *
You feel drained.
You die...

#..........#
##..........#
#...?.......##
#............#
#............#
#............#
#............#
#.............
.#.....@z....#
[............##
...:....z...##
######...>###
#####. ##


You could see 2 wights.

Vanquished Creatures
  A two-headed ogre (D:6)
  4 yaks (D:6)
  A steam dragon (D:6)
  A black bear (D:6)
  3 ice beasts
  An ogre (D:6)
  A phantom (D:6)
  A bullfrog (D:6)
  5 scorpions
  2 necrophages (D:6)
  5 wights
  A howler monkey (D:5)
  A jelly (D:5)
  3 hounds
  Crazy Yiuf (D:2)
  A gnoll bouda (D:6)
  An orc priest (D:6)
  4 iguanas
  3 orc wizards
  5 adders
  2 white imps (D:6)
  An ufetubus (D:5)
  3 worms
  2 dart slugs
  21 orcs
  7 ball pythons
  4 bats
  7 endoplasms
  3 giant cockroaches
  5 goblins
  8 hobgoblins
  3 jackals (D:1)
  8 kobolds
  2 quokkas
  4 frilled lizards
  7 rats
132 creatures vanquished.

Vanquished Creatures (others)
  A fungus (D:2)
  8 plants (D:1)
9 creatures vanquished.

Grand Total: 141 creatures vanquished

Notes
Turn   | Place    | Note
-------+----------+-------------------------------------------
     0 | D:1      | vurker the Vine Stalker Enchanter began the quest for the
                  | Orb.
     0 | D:1      | Reached XP level 1. HP: 9/9 MP: 4/4
    39 | D:1      | Reached skill level 1 in Short Blades
   113 | D:1      | Reached XP level 2. HP: 5/14 MP: 6/6
   932 | D:1      | Reached XP level 3. HP: 13/17 MP: 4/7
  1170 | D:1      | Reached skill level 1 in Fighting
  2252 | D:2      | Found a faded altar of an unknown god.
  3066 | D:2      | Found a runed translucent door.
  3067 | D:2      | Noticed Crazy Yiuf
  3075 | D:2      | Killed Crazy Yiuf
  3076 | D:2      | Gained mutation: Your natural rate of healing is unusually
                  | fast. [Vine Stalker growth]
  3076 | D:2      | Reached XP level 4. HP: 22/22 MP: 8/8
  3241 | D:3      | Found a burning altar of Makhleb.
  3249 | D:3      | Became a worshipper of Makhleb the Destroyer
  3584 | D:3      | You fall into a shaft and drop 2 floors!
  3584 | D:5      | Entered Level 5 of the Dungeon
  3609 | D:4      | Reached XP level 5. HP: 26/26 MP: 6/9
  3702 | D:4      | Found an opulent altar of Gozag.
  3710 | D:4      | Found a staircase to the Ecumenical Temple.
  3726 | D:3      | Reached * piety under Makhleb
  3958 | D:3      | Reached skill level 1 in Invocations
  4089 | D:4      | Reached skill level 5 in Stealth
  4093 | D:4      | Reached XP level 6. HP: 28/30 MP: 10/10
  4658 | D:5      | Identified the +2 plate armour of Duty {rC++ Stlth+}
  4702 | D:5      | Reached XP level 7. HP: 26/35 MP: 7/11
  5039 | D:5      | Found a shadowy altar of Dithmenos.
  5266 | D:6      | Reached skill level 5 in Short Blades
  5302 | D:6      | Gained mutation: You have razor-sharp teeth. [Vine Stalker
                  | growth]
  5302 | D:6      | Reached XP level 8. HP: 34/40 MP: 10/12
  5452 | D:6      | Noticed a yak
  5454 | D:6      | Noticed a yak
  5455 | D:6      | Noticed a yak
  5455 | D:6      | Noticed a yak
  5464 | D:6      | Killed a yak
  5479 | D:6      | Killed a yak
  5491 | D:6      | Killed a yak
  5495 | D:6      | Killed a yak
  5547 | D:6      | Reached ** piety under Makhleb
  5574 | D:6      | Found a hazy altar of Hepliaklqana.
  5581 | D:6      | Identified the ring of the Castellan {rElec rPois Dex+3
                  | SInv}
  5784 | D:6      | Reached XP level 9. HP: 35/46 MP: 9/13
  5841 | D:6      | Noticed a two-headed ogre
  5871 | D:6      | Killed a two-headed ogre
  5872 | D:6      | Reached skill level 5 in Fighting
  5872 | D:6      | Reached skill level 5 in Invocations
  6664 | D:7      | Slain by a wight

Illustrated notes

Levels and vault maps discovered:
D:1:      lemuel_arrival_room, layout_loops_corners, serial_bayou_lagoon_a,
          minmay_tromino_i2
D:2:      layout_basic, chequers_ecumenical_altar_twisty,
          kennysheep_generic_room_14, uniq_crazy_yiuf_cottage
D:3:      layout_loops_ring, lightli_temple_of_fire, minmay_tree_intersection
D:4:      layout_cave_pools, nicolae_gozag_seed_capital,
          minmay_temple_entry_statues_fountains
D:5:      layout_cave_pools, marbit_many_paths
D:6:      layout_loops_corners, lemuel_round_altar, minmay_joined_circles
D:7:      minmay_chambers_of_fours, layout_cave_pods, cheibrodos_worm_habitat,
          nemelex_spade_bored_becter, serial_shops, nicolae_take_the_stairs

Skill      XL: |  1  2  3  4  5  6  7  8  9 |
---------------+----------------------------+-----
Short Blades   | 1 2 3 4 5 6 8 |  8.0
Stealth        | 4 5 6 7 8 |  8.8
Fighting       | 1 2 3 4 5 |  5.4
Invocations    | 1 2 3 4 5 |  5.5
Dodging        | |  1.5
Spellcasting   | |  2.1
Hexes          | |  3.0

Action                   |  1- 3 |  4- 6 |  7- 9 || total
-------------------------+-------+-------+-------++-------
Melee: Dagger            |    99 |   167 |   192 ||   458
       Bite              |    27 |    49 |    81 ||   157
       Punch             |     1 |     2 |     1 ||     4
       Short sword       |    24 |       |       ||    24
Evoke: Wand              |       |       |    13 ||    13
  Use: Scroll            |       |    15 |     5 ||    20
       Potion            |       |       |     2 ||     2
 Stab: Sleeping          |    13 |    11 |     6 ||    30
       Distracted        |       |     1 |       ||     1
Armor: Robe              |    17 |    20 |    16 ||    53
Dodge: Dodged            |    56 |    84 |    96 ||   236
Block: Other             |     2 |       |       ||     2

Table legend: (Time is in decaauts)
 A = Elapsed time spent in this place.
 B = Non-inter-level travel time spent in this place.
 C = Inter-level travel time spent in this place.
 D = Time resting spent in this place.
 E = Time spent auto-exploring this place.
 F = Levels seen in this place.
 G = Mean time per level.
                   A        B        C        D        E       F      G
               +--------+--------+--------+--------+--------+-----+--------+
         Total |   6554 |   6281 |    273 |    145 |   4878 |   7 |  936.3 |
       Dungeon |   6554 |   6281 |    273 |    145 |   4878 |   7 |  936.3 |
               +--------+--------+--------+--------+--------+-----+--------+

Top non-repeatable levels by time:
     D:1: 1832 daAuts
     D:6: 1310 daAuts
     D:2: 1279 daAuts
     D:5: 790 daAuts
     D:3: 676 daAuts
     D:4: 646 daAuts
     D:7: 18 daAuts
